AoeStats
← primo78n

QS Arena

503498494Analyzed
2v2 RM · 1mo ago on Aug 31, 2026· 53m 47s· 4 players
Game mode
Random Map
Map size
Medium (4 player)
Population
200
Speed
Normal
Resources
Standard
Victory
Conquest
Starting age
Dark Age
Ending age
Imperial Age
RankedLock teamsTeams togetherTeam positionsShared explorationLock speedFull tech treeHidden civsTurbo modeCheats
Victory
Defeat
🇦🇷 Burgundians · Argentina
1056
+17
🇦🇷 Hindustanis · Argentina
1051
+17
🇦🇷 Slavs · Argentina
1091
-18
🇦🇷 Celts · Argentina
1073
-17
TIYA
2:40 Loom
3:04 Double-Bit Axe
7:43 Feudal Age
7:58 Horse Collar
8:38 Bow Saw
10:24 Gold Mining
11:37 Loom
12:32 Wheelbarrow
14:58 Castle Age
14:46 Scale Barding Armor
15:50 Forging
16:02 Husbandry
16:02 Loom
16:26 Cavalier
18:19 Two-Man Saw
23:01 Chain Barding Armor
45:27 Fortified Wall
47:25 Iron Casting
51:00 Imperial Age
49:31 Hand Cart
51:28 Paladin
53:56 Blast Furnace
primo78n
6:04 Loom
8:19 Feudal Age
9:36 Horse Collar
9:44 Double-Bit Axe
14:29 Castle Age
12:30 Stone Mining
15:48 Heavy Plow
16:01 Bow Saw
17:56 Forging
21:12 Wheelbarrow
20:39 Scale Mail Armor
21:51 Iron Casting
22:14 Grand Trunk Road
24:08 Arson
24:24 Squires
26:59 Hand Cart
26:30 Town Watch
27:02 Chain Mail Armor
29:13 Gold Mining
30:00 Stone Shaft Mining
38:51 Town Patrol
41:29 Imperial Age
41:33 Elite Ghulam
43:22 Blast Furnace
43:10 Hoardings
LLA | El makiavelico
7:24 Feudal Age
8:30 Double-Bit Axe
15:28 Castle Age
13:40 Double-Bit Axe
13:47 Gold Mining
14:27 Horse Collar
15:57 Loom
16:50 Wheelbarrow
17:26 Forging
17:16 Scale Mail Armor
24:16 Iron Casting
23:57 Chain Mail Armor
37:08 Imperial Age
37:09 Gold Shaft Mining
37:17 Elite Woad Raider
39:19 Blast Furnace
38:23 Capped Ram
40:39 Heavy Plow
40:52 Bow Saw
41:55 Plate Mail Armor
43:47 Siege Ram
47:15 Hand Cart
51:34 Onager
54:43 Chemistry
Frandarkness
2:36 Loom
8:06 Feudal Age
8:38 Double-Bit Axe
8:33 Horse Collar
13:06 Gold Mining
15:40 Castle Age
13:44 Gold Mining
16:31 Bow Saw
15:46 Pikeman
17:10 Scale Mail Armor
17:35 Stone Mining
17:51 Heavy Plow
19:22 Chain Mail Armor
20:58 Wheelbarrow
21:28 Forging
22:07 Town Watch
23:02 Fletching
27:26 Bloodlines
29:07 Scale Barding Armor
Connection lost

Rejoining the realm…

Still unreachable

The connection could not be restored.

Session expired

The server has moved on; the page needs a fresh start.